 Dungeon Crawl Stone Soup version 0.32-a0-644-ge89081b (webtiles) character file.

Game seed: 12703109830437291616

3607 edsrzf the Basher (level 10, -1/67 HPs)
             Began as a Coglin Gladiator on Mar 7, 2024.
             Was a Believer of Uskayaw.
             Slain by a two-headed ogre
             ... wielding a +0 giant spiked club
              (25 damage)
             ... on level 7 of the Dungeon.
             The game lasted 00:19:05 (7496 turns).

edsrzf the Basher (Coglin Gladiator)                Turns: 7496, Time: 00:19:07

Health: -1/67      AC:  7    Str: 18    XL:     10   Next: 11%
Magic:  10/10      EV: 12    Int:  8    God:    Uskayaw [**....]
Gold:   513        SH:  0    Dex: 16    Spells: 9/9 levels left

rFire   . . .        a - +0 flail {Walburga}
rCold   . . .        b - +3 dagger (venom) {Ramón}
rNeg    . . .        h - +0 leather armour
rPois   .            c - +1 helmet
rElec   .            (no cloak)
rCorr   .            (no gloves)
SInv    .            i - +1 pair of boots {Fly}
Will    .....        (amulet unavailable)
Stlth   +            (ring unavailable)
HPRegen 0.31/turn    (ring unavailable)
MPRegen 0.12/turn    (no gizmo)

%: no passive effects
@: flying, revved
A: off-hand wielding, slow wielding, warmup strikes, no jewellery
a: Invent Gizmo, Renounce Religion, Stomp, Line Pass


You were on level 7 of the Dungeon.
You worshipped Uskayaw.
Uskayaw was noncommittal.
You visited 2 branches of the dungeon, and saw 8 of its levels.
You also visited: Ossuary and Bailey.

You collected 513 gold pieces.

Inventory:

Hand Weapons
 a - a +0 flail (weapon) {Walburga}
 b - a +3 dagger of venom (offhand) {Ramón}
 u - a +4 dagger of electrocution
Missiles
 e - a javelin
 j - 19 boomerangs
 r - 5 throwing nets {=f}
 s - 18 poisoned darts (quivered)
 F - 2 silver javelins
 G - 4 curare-tipped darts
Armour
 c - a +1 helmet (worn)
 h - a +0 leather armour (worn)
 i - a +1 pair of boots of flying (worn)
Wands
 d - a wand of paralysis (2)
 B - a wand of polymorph (4)
Scrolls
 p - 3 scrolls of immolation
 t - a scroll of silence {!r}
 w - 3 scrolls of identify {@r1}
 x - a scroll of enchant weapon
 H - a scroll of teleportation {unknown}
Potions
 f - 3 potions of brilliance
 g - 3 potions of enlightenment
 l - 5 potions of attraction
 n - a potion of curing
 o - a potion of cancellation
 q - a potion of berserk rage {!q}
 v - 2 potions of ambrosia
 A - 3 potions of lignification
 C - 2 potions of magic
 E - a potion of mutation {!q}
 I - 2 potions of might


   Skills:
 - Level 2.0 Fighting
 + Level 13.2 Maces & Flails
 - Level 1.7 Throwing
 - Level 2.6 Dodging


You had 9 spell levels left.
You didn't know any spells.
Your spell library contained the following spells:

 Spells                   Type           Power      Damage    Failure   Level
 Apportation              Tloc           0%         N/A       45%         1
 Necrotise                Necr           0%         1d4       45%         1
 Slow                     Hex            0%         N/A       45%         1
 Sting                    Conj/Alch      0%         1d3       45%         1
 Summon Small Mammal      Summ           0%         N/A       45%         1
 Mercury Vapours          Alch/Air       0%         N/A       61%         2
 Confusing Touch          Hex            0%         N/A       83%         3
 Inner Flame              Hex/Fire       0%         N/A       83%         3
 Sigil of Binding         Hex            0%         N/A       83%         3
 Vampiric Draining        Necr           0%         2d6       83%         3
 Olgreb's Toxic Radiance  Alch           0%         N/A       99%         4
 Irradiate                Conj/Alch      0%         3d11      100%        5
 Ignition                 Fire           0%         3d3       100%        8


Dungeon Overview and Level Annotations

Branches:
Dungeon (7/15)             Temple (1/1) D:7         Ossuary (visited)
 Bailey (visited)

Altars:
Ashenzari
Cheibriados
Dithmenos
Fedhas
Gozag
Hepliaklqana
Kikubaaqudgha
Makhleb
Nemelex Xobeh
Okawaru
Qazlal
Ru
Sif Muna
Trog
Uskayaw
Vehumet
Wu Jian
Xom
Yredelemnul
Zin
The Shining One

Shops:
D:4 ?

Annotations:
D:6 1 runed translucent door, keinz's ghost, novice KoHu


Innate Abilities, Weirdness & Mutations

You can wield a second weapon in your off-hand.
It takes a long time for you to wield or remove held weapons.
Your first few attacks do less damage.
You cannot equip rings or amulets.


Message History

The gnoll looks as sick as possible!
The gnoll is almost dead.
You barely miss the gnoll with your +0 flail.
You kill the gnoll!
A gnoll comes into view. It is wielding a +0 club.
Found a potion of degeneration.
A gnoll comes into view. It is wielding a +0 spear.
Things that are here:
a +0 club; a gnoll corpse
There are monsters nearby!
The gnoll shouts!
You closely miss the gnoll with your +3 dagger of venom.
You thump the gnoll with your +0 flail! The gnoll hits you with a +0 club.
The gnoll hits you but does no damage.
You can now pass through a line of other dancers.
You closely miss the gnoll with your +3 dagger of venom.
The gnoll is almost dead.
You barely miss the gnoll with your +0 flail.
The gnoll closely misses you. The gnoll barely misses you.
The gnoll bouda shouts!
You hit the gnoll with your +3 dagger of venom.
You kill the gnoll!
The gnoll misses you.
The gnoll bouda barks out a call to the hunt!
The gnoll picks up the pace!
The gnoll barely misses you. The gnoll closely misses you.
Things that are here:
a +0 club; a gnoll corpse You closely miss the gnoll with your +0 flail.
You hit the gnoll with your +3 dagger of venom.
The gnoll bouda misses you. The gnoll barely misses you.
You sock the gnoll with your +0 flail!
The gnoll is almost dead.
You closely miss the gnoll with your +3 dagger of venom.
The gnoll bouda barely misses you. The gnoll closely misses you.
You hit the gnoll with your +0 flail.
You kill the gnoll!
The gnoll bouda hits you with a +0 whip.
You hit the gnoll bouda with your +3 dagger of venom.
The gnoll bouda is lightly wounded.
You hit the gnoll bouda with your +0 flail.
The gnoll bouda hits you with a +0 whip.
Uskayaw will force your foes to helplessly watch your dance.
Uskayaw prepares the audience for your solo!
The helpless gnoll bouda fails to defend itself.
You hit the gnoll bouda but do no damage.
The gnoll bouda is moderately wounded.
The helpless gnoll bouda fails to defend itself.
You puncture the gnoll bouda with your +3 dagger of venom!
The gnoll bouda looks as sick as possible!
You kill the gnoll bouda!
Unknown command.
Things that are here:
a +0 whip; a +0 leather armour; a gnoll corpse You see here a potion of degeneration.
HP restored.
A two-headed ogre comes into view.
It is wielding two +0 giant spiked clubs.
The two-headed ogre shouts in stereo!
You throw a poisoned dart.
The poisoned dart hits the two-headed ogre.
The two-headed ogre is poisoned.
You throw a poisoned dart.
The poisoned dart hits the two-headed ogre.
You hit the two-headed ogre with your +3 dagger of venom.
The two-headed ogre looks even sicker.
The two-headed ogre is lightly wounded.
You hit the two-headed ogre but do no damage.
You completely miss the two-headed ogre with your +3 dagger of venom.
The two-headed ogre is lightly wounded.
You hit the two-headed ogre with your +0 flail.
The two-headed ogre hits you with a +0 giant spiked club! x2
You barely miss the two-headed ogre with your +0 flail.
The two-headed ogre is lightly wounded.
You hit the two-headed ogre but do no damage.
The two-headed ogre looks as sick as possible!
The two-headed ogre barely misses you.
The two-headed ogre hits you with a +0 giant spiked club!
You barely miss the two-headed ogre with your +3 dagger of venom.
The two-headed ogre is moderately wounded.
You barely miss the two-headed ogre with your +0 flail.
You hit the two-headed ogre with your +0 flail.
The two-headed ogre is moderately wounded.
You hit the two-headed ogre with your +3 dagger of venom.
The two-headed ogre looks as sick as possible!
The two-headed ogre completely misses you.
The two-headed ogre hits you with a +0 giant spiked club.
Okay, then.
You hit the two-headed ogre but do no damage.
The two-headed ogre looks as sick as possible!
The two-headed ogre is heavily wounded.
You thump the two-headed ogre with your +0 flail!
You can now pass through a line of other dancers.
You hit the two-headed ogre with your +3 dagger of venom.
The two-headed ogre looks as sick as possible!
The two-headed ogre is severely wounded.
You hit the two-headed ogre with your +0 flail.
The two-headed ogre hits you with a +0 giant spiked club!!
You die...
Your body falls in perfect tune with the rhythm.

**,,,,*,,* #..
#.....#,,** #..
#.....#*,,* #..
#.....##,,* ###
#......#,,##
#.....(#,..#**
#....(.*,..#,***** #
*#...O###.##*,,,,* #
*,,#@.#...#,,,,,** ##
*##.#...#,..*,,,,* #.
#.###.###.##*,,,**#.
*#..#...#...*,,,,,#..
*.#...#...#,..*,,....
####.###.###.##*,..#.
#.#...#...#...*,,..##
#...#!..#...#,,,,,,**
#..###.###.##*,,,,,,*


You could see a two-headed ogre (extremely poisoned).

Vanquished Creatures
  3 yaks (D:7)
  A steam dragon (D:7)
  Menkaure (D:6)
  A water moccasin (D:6)
  5 orc warriors (Bailey)
  A black bear (D:4)
  An ice beast (D:5)
  3 ogres
  2 phantoms
  5 elf zombies (Ossuary)
  A kobold brigand (D:6)
  A scorpion (D:6)
  An elf skeleton (D:5)
  3 howler monkeys
  2 bombardier beetles (D:4)
  6 centaur zombies
  3 hounds
  A human zombie (D:5)
  An orc priest (D:7)
  4 gnoll boudas
  Ijyb (D:4)
  4 iguanas
  An orc wizard (D:6)
  A crocodile zombie (Ossuary)
  3 mummies (Ossuary)
  A howler monkey zombie (D:6)
  Robin (D:4)
  20 gnolls
  6 adders
  A shadow imp (D:6)
  4 dart slugs
  7 orcs
  7 endoplasms
  A giant cockroach (D:1)
  14 goblins
  11 hobgoblins
  3 jackals (D:1)
  27 kobolds
  2 quokkas
  2 ball pythons
  7 bats
  2 frilled lizards
  An orc skeleton (D:5)
  3 orc zombies (D:5)
  5 rats
181 creatures vanquished.

Notes
Turn   | Place    | Note
-------+----------+-------------------------------------------
     0 | D:1      | edsrzf the Coglin Gladiator began the quest for the Orb.
     0 | D:1      | Reached XP level 1. HP: 16/16 MP: 1/1
   107 | D:1      | Reached skill level 3 in Maces & Flails
   141 | D:1      | Reached XP level 2. HP: 22/22 MP: 2/2
   601 | D:2      | Found a hide-covered altar of Uskayaw.
   655 | D:2      | Reached XP level 3. HP: 27/27 MP: 3/3
   784 | D:2      | Reached skill level 4 in Maces & Flails
   852 | D:2      | Identified 3 potions of attraction
   856 | D:2      | HP: 1/27 [gnoll/+0 spear (7)]
   858 | D:2      | Reached XP level 4. HP: 1/33 MP: 4/4
  1003 | D:2      | Found a faded altar of an unknown god.
  1049 | D:2      | Prayed at the altar of an unknown god.
  1049 | D:2      | Became a worshipper of Uskayaw the Reveller
  1049 | D:2      | Reached * piety under Uskayaw
  1195 | D:2      | Reached ** piety under Uskayaw
  1551 | D:3      | Reached skill level 5 in Maces & Flails
  1551 | D:3      | Reached XP level 5. HP: 37/38 MP: 5/5
  1715 | D:3      | Noticed a phantom
  1730 | D:3      | Reached *** piety under Uskayaw
  1731 | D:3      | Killed a phantom
  1987 | D:3      | Reached XP level 6. HP: 26/44 MP: 6/6
  1992 | D:3      | Reached skill level 6 in Maces & Flails
  2078 | D:3      | Found an opulent altar of Gozag.
  2365 | D:4      | Found Jecuost's Magic Scroll Shop.
  2420 | D:4      | Noticed a black bear
  2428 | D:4      | Killed a black bear
  2697 | D:4      | Reached skill level 7 in Maces & Flails
  2697 | D:4      | Reached XP level 7. HP: 31/50 MP: 7/7
  2801 | D:4      | Noticed Robin
  2802 | D:4      | Noticed Ijyb
  2818 | D:4      | Identified 2 potions of brilliance
  2819 | D:4      | Identified 2 potions of degeneration
  2819 | D:4      | Killed Ijyb
  2819 | D:4      | HP: 1/50 [hobgoblin (4)]
  2820 | D:4      | Identified 2 potions of heal wounds
  3001 | D:4      | Killed Robin
  3185 | D:4      | Found a glowing golden altar of the Shining One.
  3198 | D:4      | Found a bloodstained altar of Trog.
  3201 | D:4      | Found a snail-covered altar of Cheibriados.
  3203 | D:4      | Found a hazy altar of Hepliaklqana.
  3530 | D:5      | Entered Level 5 of the Dungeon
  3591 | D:5      | Reached skill level 8 in Maces & Flails
  3641 | D:5      | Found a sand-covered staircase.
  3653 | D:5      | Reached XP level 8. HP: 47/56 MP: 8/8
  3672 | Ossuary  | Entered an ossuary
  3748 | Ossuary  | Reached **** piety under Uskayaw
  3754 | Ossuary  | Reached skill level 9 in Maces & Flails
  3883 | Ossuary  | Reached ***** piety under Uskayaw
  4016 | Ossuary  | Reached skill level 10 in Maces & Flails
  4632 | D:6      | Noticed keinz's ghost (novice KoHu)
  4658 | D:6      | Noticed Menkaure
  4669 | D:6      | Killed Menkaure
  4670 | D:6      | Reached XP level 9. HP: 34/61 MP: 9/9
  4951 | D:6      | Reached skill level 11 in Maces & Flails
  5414 | D:6      | Found a shimmering altar of Xom.
  5475 | D:6      | Found a basalt altar of Yredelemnul.
  5671 | D:6      | Found a runed translucent door.
  6193 | D:7      | HP: 3/61 [yak (15)]
  6194 | D:7      | Reached skill level 12 in Maces & Flails
  6322 | D:7      | Identified 7 scrolls of identify
  6322 | D:7      | Identified a potion of curing
  6323 | D:7      | Identified a potion of cancellation
  6324 | D:7      | Identified 2 scrolls of silence
  6384 | D:7      | Found an ornate altar of the Wu Jian Council.
  6389 | D:7      | Identified 2 scrolls of enchant weapon
  6390 | D:7      | Identified a scroll of blinking
  6391 | D:7      | Identified a scroll of fear
  6392 | D:7      | Identified a scroll of enchant armour
  6393 | D:7      | Identified a scroll of amnesia
  6394 | D:7      | Identified a scroll of butterflies
  6395 | D:7      | Identified a scroll of revelation
  6428 | D:7      | Found a flagged portal.
  6454 | Bailey   | Entered a bailey
  6843 | Bailey   | Identified the ring of Giso {Ice rN+ Slay+3}
  6875 | Bailey   | Reached XP level 10. HP: 43/67 MP: 10/10
  6983 | Bailey   | Reached skill level 13 in Maces & Flails
  7397 | D:7      | Found a staircase to the Ecumenical Temple.
  7402 | D:7      | Identified a potion of berserk rage
  7403 | D:7      | Identified 2 potions of ambrosia
  7404 | D:7      | Identified 3 potions of lignification
  7405 | D:7      | Identified 2 potions of magic
  7406 | D:7      | Identified a potion of mutation
  7407 | D:7      | Identified a potion of might
  7410 | Temple   | Entered the Ecumenical Temple
  7487 | D:7      | Noticed a two-headed ogre
  7496 | D:7      | Slain by a two-headed ogre

Illustrated notes

Levels and vault maps discovered:
D:1:      wander_arrival_estate, layout_basic
D:2:      layout_basic, hellmonk_ecumenical_altar_blasted, basic_altar
D:3:      layout_basic, nicolae_gozag_seed_capital
D:4:      layout_basic, minitemple, serial_shops, shop, nicolae_goblin_pals
D:5:      layout_rooms, nicolae_ossuary_entry_catacombs
D:6:      layout_basic, mainiacjoe_overflow_six_doors_small,
          lemuel_zombie_altar_yredelemnul, hellmonk_ghost_happy_afterlife,
          kb_lookout_dungeons_type, uniq_menkaure
D:7:      layout_cave_pods, nicolae_wu_jian_wuxing_cycle,
          minmay_temple_entry_proselytizer, enter_bailey_7, kennysheep_doodads,
          minmay_gold_behind_fungi, dreamdust_gnoll_shepherd
Temple:   oiseaux_autumnal_temple

Skill      XL: |  1  2  3  4  5  6  7  8  9 10 |
---------------+-------------------------------+-----
Maces & Flails | 3 4 5 7 8 10 12 13 | 13.2
Fighting       | |  2.0
Throwing       | |  1.7
Dodging        | |  2.6

Action                     |  1- 3 |  4- 6 |  7- 9 | 10-12 || total
---------------------------+-------+-------+-------+-------++-------
  Melee: Flail             |    47 |    72 |   357 |    46 ||   522
         Dagger            |    41 |    69 |   332 |    43 ||   485
         Unarmed           |       |       |     1 |       ||     1
  Throw: Throwing net      |     3 |       |     1 |     1 ||     5
         Dart              |       |       |    15 |     2 ||    17
  Evoke: Wand              |       |       |     9 |       ||     9
    Use: Potion            |     1 |       |     7 |       ||     8
         Scroll            |       |       |    10 |     6 ||    16
   Stab: Sleeping          |     2 |     1 |     1 |       ||     4
         Paralysed         |       |     3 |    27 |     6 ||    36
         Held in net/web   |       |       |     1 |     1 ||     2
 Armour: Leather armour    |    30 |    51 |   208 |    21 ||   310
         Skin              |       |       |     7 |       ||     7
  Dodge: Dodged            |    32 |    38 |   232 |    20 ||   322

Table legend: (Time is in decaauts)
 A = Elapsed time spent in this place.
 B = Non-inter-level travel time spent in this place.
 C = Inter-level travel time spent in this place.
 D = Time resting spent in this place.
 E = Time spent auto-exploring this place.
 F = Levels seen in this place.
 G = Mean time per level.
                   A        B        C        D        E       F      G
               +--------+--------+--------+--------+--------+-----+--------+
         Total |   7467 |   7320 |    147 |   1662 |   4080 |  10 |  746.7 |
       Dungeon |   6161 |   6014 |    147 |   1038 |   3744 |   7 |  880.1 |
        Temple |      1 |      1 |      0 |      0 |      0 |   1 |    1.0 |
       Ossuary |    418 |    418 |      0 |    150 |    129 |   1 |  418.0 |
        Bailey |    885 |    885 |      0 |    474 |    207 |   1 |  885.0 |
               +--------+--------+--------+--------+--------+-----+--------+

Top non-repeatable levels by time:
     D:6: 1769 daAuts
     D:3: 1084 daAuts
     D:4: 1054 daAuts
  Bailey: 885 daAuts
     D:2: 788 daAuts
     D:1: 602 daAuts
     D:5: 510 daAuts
 Ossuary: 418 daAuts
     D:7: 352 daAuts
  Temple: 1 daAuts
